 Dungeon Crawl Stone Soup version 0.21-a0-509-gecc5317 (webtiles) character file.

51 Dawnplanks the Insei (level 3, -1/23 HPs)
             Began as an Octopode Transmuter on Nov 29, 2017.
             Slain by a goblin (6 damage)
             ... led by Robin
             ... on level 2 of the Dungeon.
             The game lasted 00:10:36 (2282 turns).

Dawnplanks the Insei (Octopode Transmuter)          Turns: 2282, Time: 00:10:36

Health: -1/23      AC:  1    Str:  9    XL:     3   Next: 83%
Magic:  6/6        EV: 13    Int: 15    God:
Gold:   53         SH:  0    Dex: 13    Spells: 2/6 levels left

rFire    . . .     SeeInvis .   h - +0 dagger
rCold    + . .     Gourm    .   (no shield)
rNeg     . . .     Faith    .   (helmet restricted)
rPois    .         Spirit   .   (no amulet)
rElec    .         Reflect  .   r - ring of protection from cold
rCorr    .         Harm     .   (no ring)
MR       .....                  (no ring)
Stlth    ++........             (no ring)
HPRegen  0.07/turn              (no ring)
MPRegen  0.10/turn              (no ring)
                                (no ring)
                                (no ring)

@: appendage (expiring)
A: almost no armour, stealthy swim, amphibious, 8 rings, constrict 8, tentacle
spike 3, camouflage 1, gelatinous body 1
a: End Transformation


You were on level 2 of the Dungeon.
You were hungry.
One of your tentacles had a temporary spike.
You visited 1 branch of the dungeon, and saw 2 of its levels.

You collected 53 gold pieces.

Inventory:

Hand Weapons
 h - a +0 dagger (weapon)
Missiles
 a - 37 arrows
 j - 5 tomahawks (quivered)
Armour
 e - a +0 shield
Jewellery
 r - a ring of protection from cold (left tentacle)
Scrolls
 i - 2 scrolls of teleportation {unknown}
 k - 2 scrolls of identify {unknown}
 l - a scroll of amnesia {unknown}
 m - a scroll of magic mapping {unknown}
 o - 2 scrolls of enchant armour {unknown}
 q - a scroll of immolation {unknown}
Potions
 d - a potion of cancellation {unknown}
 g - a potion of heal wounds {unknown}
 n - 2 potions of curing {unknown}
Books
 b - a book of Changes

   Spells                             Type                      Level
   a - Beastly Appendage              Transmutation                1
   b - Sticks to Snakes               Transmutation                2
   c - Spider Form                    Transmutation/Poison         3
   d - Ice Form                       Ice/Transmutation            4
   e - Blade Hands                    Transmutation                5
Comestibles
 c - 2 bread rations
 f - a meat ration


   Skills:
 + Level 1.4 Fighting
 + Level 2.3 Dodging
 + Level 3.6 Unarmed Combat
 + Level 2.3 Spellcasting
 + Level 2.4 Transmutations


You had 2 spell levels left.
You knew the following spells:

 Your Spells              Type           Power        Failure   Level  Hunger
a - Beastly Appendage     Tmut           #.....       8%          1    #......
b - Spider Form           Tmut/Pois      #.........   36%         3    ###....


Dungeon Overview and Level Annotations

Branches:
Dungeon (2/15)

Altars:
Elyvilon

Annotations:
D:2 Robin


Innate Abilities, Weirdness & Mutations

You cannot wear most types of armour.
You are very stealthy in the water. (Stealth+)
You are amphibious.
You can wear up to eight rings at the same time.
You can use your tentacles to constrict eight enemies at once.
Your skin changes colour to match your surroundings (Stealth+).
Your rubbery body absorbs attacks. (AC +1, EV +1)
One of your tentacles bears a large vicious spike.


Message History

You kill the goblin!
Robin throws the goblin at you! The goblin hits you.
You barely miss the goblin. Your grab misses the goblin.
Your squeeze misses the goblin. The goblin hits you with a dagger.
The goblin hits you.
* * * LOW HITPOINT WARNING * * *
You hit the goblin. You grab the goblin.
The goblin is severely wounded.
You constrict the goblin.
You kill the goblin!
The goblin misses you.
Your transformation is almost over.
Things that are here:
a dagger x2
The hobgoblin no longer looks unusually strong.
The hobgoblin no longer looks unusually strong.
There is a stone staircase leading down here.
The hobgoblin no longer looks unusually strong.
The goblin hits you.
You die...

#.# #.#
######.######.#
####.............#
.....####.######.#
###### #.# #.# ..#
#.# ### #.# #.#
#@# #g# #g# #.# #
#g# ...g########g#
...g..gggg)..#
##############


You could see 3 hobgoblins and a goblin.

Vanquished Creatures
  An ooze (D:1)
  3 dart slugs
  A leopard gecko (D:2)
  A ball python (D:1)
  A giant cockroach (D:2)
  7 goblins
  5 hobgoblins
  4 jackals (D:1)
  4 bats
  3 kobolds
  7 rats
37 creatures vanquished.

Notes
Turn   | Place    | Note
-------+----------+-------------------------------------------
     0 | D:1      | Dawnplanks the Octopode Transmuter began the quest for the Orb.
     0 | D:1      | Reached XP level 1. HP: 13/13 MP: 3/3
   283 | D:1      | Reached XP level 2. HP: 4/18 MP: 3/5
   882 | D:1      | Reached XP level 3. HP: 21/23 MP: 4/6
  1262 | D:1      | Learned a level 3 spell: Spider Form
  1554 | D:2      | Found a white marble altar of Elyvilon.
  2260 | D:2      | Noticed Robin
  2282 | D:2      | Slain by a goblin

Vault maps used:
D:1:      minmay_arrival_solitary_statue
D:2:      elyvilon_altar_5, uniq_robin

Action                   || total
-------------------------++-------
Melee: Dagger            ||    81
       Unarmed           ||     5
       Kick              ||    17
       Tentacles         ||    10
       Constrict         ||    26
       Punch             ||     2
 Cast: Beastly Appendage ||    14
       Spider Form       ||     1
 Stab: Sleeping          ||     2
  Eat: Chunk             ||     4
Armor: Skin              ||     9
Dodge: Dodged            ||    49

Table legend:
 A = Spawn XP
 B = Non-spawn XP
 C = Spawn XP percentage of total XP
 D = Spawn monster count
 E = Non-spawn monster count
 F = Spawn count percentage of total count
 G = Total turns spent on level
                    A         B        C        D         E        F      G
               +---------+---------+-------+---------+---------+-------+---------
         Total |       0 |      74 |   0.0 |       0 |      37 |   0.0 |  2282
               +---------+---------+-------+---------+---------+-------+---------
           D:1 |       0 |      44 |   0.0 |       0 |      21 |   0.0 |  1504
           D:2 |       0 |      30 |   0.0 |       0 |      16 |   0.0 |   778
               +---------+---------+-------+---------+---------+-------+---------
